 Dungeon Crawl Stone Soup version 0.23-a0-171-g5ae17c6 (webtiles) character file.

17 samjam5 the Grave Robber (level 2, -1/16 (20) HPs)
             Began as a Ghoul Necromancer on Sept 15, 2018.
             Slain by a jackal (2 damage)
             ... on level 2 of the Dungeon.
             The game lasted 00:05:36 (587 turns).

samjam5 the Grave Robber (Ghoul Necromancer)         Turns: 587, Time: 00:05:37

HP:   -1/16 (20)    AC:  5    Str: 11    XL:     2   Next: 62%
MP:   1/4           EV: 13    Int: 10    God:
Gold: 7             SH:  6    Dex: 14    Spells: 4/5 levels left

rFire    . . .     SeeInvis .   g - +0 club
rCold    + . .     Gourm    .   f - +0 shield (curse)
rNeg     + + +     Faith    .   i - +0 ring mail
rPois    ∞         Spirit   .   (no helmet)
rElec    .         Reflect  .   (no cloak)
rCorr    .         Harm     .   (no gloves)
MR       .....                  (no boots)
Stlth    ++........             (no amulet)
HPRegen  0.00/turn              e - ring of poison resistance
MPRegen  0.09/turn              (no ring)

@: agile, very slightly contaminated, rotting
A: rotting body, claws 1, carnivore, cold resistance 1, negative energy
resistance 3, inhibited regeneration, torment resistance, unbreathing
a: no special abilities


You were on level 2 of the Dungeon.
You were not hungry.

You visited 1 branch of the dungeon, and saw 2 of its levels.

You collected 7 gold pieces.

Inventory:

Hand Weapons
 g - a +0 club (weapon)
Armour
 a - a +0 robe
 d - a +0 robe
 f - a cursed +0 shield (worn)
 i - a +0 ring mail (worn)
Jewellery
 e - a ring of poison resistance (left claw)
Scrolls
 h - a scroll of remove curse
 j - a scroll of teleportation


   Skills:
 + Level 2.0 Dodging
 + Level 2.2 Stealth
 + Level 2.0 Spellcasting
 + Level 4.3 Necromancy


You had 4 spell levels left.
You knew the following spells:

 Your Spells              Type           Power        Failure   Level  Hunger
a - Pain                  Necr           #...         65%         1    ##.....

Your spell library contained the following spells:

 Spells                   Type           Power        Failure   Level  Hunger
 Animate Skeleton         Necr           N/A          65%         1    ##.....
 Vampiric Draining        Necr           #.........   95%         3    ####...
 Regeneration             Chrm/Necr      #.........   100%        3    ####...
 Animate Dead             Necr           N/A          100%        4    #####..


Dungeon Overview and Level Annotations

Branches:
Dungeon (2/15)

Altars:


Innate Abilities, Weirdness & Mutations

Your body is rotting away.
You thrive on raw meat.
You are immune to poison.
You have sharp fingernails.
You are carnivorous and can eat meat at any time.
Your flesh is cold resistant. (rC+)
You are immune to negative energy. (rN+++)
You do not regenerate when monsters are visible.
You are immune to unholy pain and torment.
You can survive without breathing.


Message History

Press: ? - help, Shift-Dir - straight line, f/p - jackal
Aim: a jackal (chance to defeat MR: 76%)
You miscast Pain.
Nothing appears to happen.
The jackal misses you. The jackal closely misses you. The jackal misses you.
The jackal barely misses you.
There is a stone staircase leading down here.
You block the jackal's attack.
You climb downwards.
Found 5 gold pieces.
There is a stone staircase leading up here.
The jackal closely misses you.
You open the door. You block the jackal's attack. The jackal barely misses you.
There is an open door here.
The jackal misses you.
Found a stone staircase leading up.
The jackal bites you but does no damage.
The jackal bites you.
You die...

# .# ###.#
#... ###.###
## #.h@..# #
..#.#..##.#
#.#.#......
#.#'#..$..#
#........#<#
#........# #
##.<.....#
#.......#
#...#####


You could see a jackal.

Vanquished Creatures
  An ooze (D:1)
  3 goblins (D:1)
  2 hobgoblins (D:1)
  A jackal (D:1)
  3 bats (D:1)
  2 rats (D:1)
12 creatures vanquished.

Notes
Turn   | Place    | Note
-------+----------+-------------------------------------------
     0 | D:1      | samjam5 the Ghoul Necromancer began the quest for the Orb.
     0 | D:1      | Reached XP level 1. HP: 14/14 MP: 2/2
   286 | D:1      | Reached XP level 2. HP: 11/19 MP: 3/3
   587 | D:2      | Slain by a jackal

Vault maps used:
D:1:      sevenhm_arrival_forest_fort_large_3, minmay_vboxes
D:2:      tso_metal_star, uniq_jessica, uniq_robin

Skill      XL: |  1  2 |
---------------+-------+-----
Spellcasting   | 2 |  2.0
Dodging        | 2 |  2.0
Stealth        | |  2.2
Necromancy     | |  4.3

Action                   || total
-------------------------++-------
Melee: Unarmed           ||     9
       Club              ||    27
 Cast: Pain              ||     8
  Use: Scroll            ||     4
       Potion            ||     1
 Stab: Sleeping          ||     1
  Eat: Ration            ||     1
Armor: Robe              ||     6
       Ring mail         ||    29
Dodge: Dodged            ||    47
Block: Shield            ||    29

Table legend:
 A = Non-vault XP
 B = Vault XP
 C = Vault XP percentage of total XP
 D = Non-vault monster count
 E = Vault monster count
 F = Vault count percentage of total count
                 A         B        C        D         E       F
            +---------+---------+-------+---------+---------+-------
      Total |      25 |       0 |   0.0 |      12 |       0 |   0.0
            +---------+---------+-------+---------+---------+-------
        D:1 |      25 |       0 |   0.0 |      12 |       0 |   0.0
            +---------+---------+-------+---------+---------+-------
